Map: Port Aleksander LE

Players

Scarlett - Winner!

  • Race: Zerg Zerg
  • Spawn Location: 5:00

ExpecT

  • Race: Terran Terran
  • Spawn Location: 11:00

Event: 2019 WCS Winter Americas

VOD

Have the link to the VOD?

Description

Time

  • Played on: Feb. 1, 2019, 2:35 p.m.
  • Length: 15:20

All games in this series

Show
View Real Time Build Order
Export as new Build Order

Scarlett Zerg - Winner!

Build Orders: Hatch First, Muta Ling Bane 

Get SALT Encoding   

  12  0:00  Drone  
  13  0:13  Overlord  
  13  0:18  Drone  
  14  0:31  Drone x2  
  16  0:49  Hatchery  
  15  0:52  Drone  
  15  0:56  Drone  
  17  0:59  Drone  
  18  1:10  Extractor  
  17  1:15  Spawning Pool  
  17  1:18  Drone  
  17  1:21  Drone  
  18  1:28  Drone  
  19  1:39  Drone  
  20  1:51  Drone  
  21  2:01  Queen x2  
  21  2:02  Zergling x4  
  27  2:14  Overlord  
  27  2:15  Drone  
  28  2:23  Metabolic Boost  
  28  2:33  Drone x4  
  32  2:39  Queen  
  34  2:47  Overlord  
  34  2:55  Drone x2  
  36  2:59  Pneumatized Carapace  
  36  3:06  Hatchery  
  36  3:10  Drone x2  
  36  3:11  Drone  
  38  3:14  Drone  
  38  3:18  Drone x2  
  41  3:21  Overlord  
  41  3:30  Drone x3  
  44  3:37  Overlord  
  44  3:47  Zergling x2  
  44  3:48  Drone, Zergling x2  
  46  3:49  Drone x5  
  46  3:54  Queen  
  54  4:00  Overlord  
  54  4:03  Overlord  
  54  4:16  Overlord  
  54  4:17  Queen  
  54  4:18  Queen, Overlord  
  54  4:23  Zergling x4  
  60  4:24  Zergling x2  
  60  4:25  Zergling x2  
  60  4:28  Drone x2  
  64  4:36  Drone x2  
  66  4:38  Drone  
  66  4:39  Spore Crawler  
  66  4:47  Drone x3  
  66  4:48  Spore Crawler  
  66  4:50  Queen  
  66  4:51  Drone x4  
  74  4:54  Lair  
  74  4:58  Extractor  
  74  4:59  Extractor  
  71  5:02  Evolution Chamber  
  71  5:03  Evolution Chamber  
  71  5:04  Drone x3, Baneling Nest  
  71  5:09  Drone x3  
  74  5:15  Drone x3  
  77  5:23  Zergling x2  
  77  5:24  Zergling x2  
  77  5:27  Drone x3  
  77  5:28  Drone x4  
  86  5:32  Zerg Melee Weapons Level 1  
  86  5:34  Extractor  
  85  5:39  Zerg Ground Armor Level 1  
  85  5:40  Drone x2  
  85  5:42  Drone  
  88  5:43  Drone  
  88  5:44  Hatchery  
  88  5:47  Extractor  
  88  5:48  Extractor  
  86  5:56  Drone x5  
  89  5:57  Centrifical Hooks  
  89  6:02  Drone  
  89  6:03  Overlord x4  
  90  6:06  Overlord  
  90  6:14  Overlord  
  90  6:21  Spire  
  90  6:23  Drone x3  
  90  6:24  Zergling x10  
  97  6:33  Drone x2  
  97  6:37  Drone x6, Hatchery  
  104  6:40  Zergling x2  
  105  6:48  Baneling x12  
  105  6:51  Zergling x10  
  105  6:54  Queen  
  104  6:57  Queen  
  108  7:04  Zergling x6  
  108  7:05  Zergling x2  
  112  7:18  Drone x4  
  112  7:19  Drone x2  
  112  7:20  Zergling x2  
  112  7:21  Zergling x10  
  126  7:29  Zerg Melee Weapons Level 2  
  124  7:35  Zerg Ground Armor Level 2  
  124  7:36  Mutalisk x5  
  123  7:39  Mutalisk  
  123  7:42  Overlord x2  
  133  7:52  Extractor x2  
  133  7:55  Overseer  
  133  7:56  Zerg Flyer Weapons Level 1, Mutalisk x2  
  135  8:00  Mutalisk  
  135  8:03  Zergling x2  
  135  8:04  Zergling x18, Hatchery  
  146  8:13  Mutalisk x2  
  146  8:14  Overlord  
  146  8:15  Overlord  
  150  8:26  Mutalisk x2  
  153  8:27  Overlord x2  
  153  8:28  Zergling x10  
  158  8:36  Zergling x16  
  158  8:40  Drone  
  167  8:46  Mutalisk  
  167  8:47  Infestation Pit, Mutalisk x2  
  172  8:49  Zergling x4  
  174  8:57  Baneling x7  
  174  8:58  Baneling  
  174  9:00  Zergling x2  
  174  9:01  Zergling x14  
  180  9:05  Zergling x16  
  165  9:21  Mutalisk x5  
  165  9:23  Zergling x12  
  149  9:25  Baneling  
  149  9:26  Zergling x8  
  145  9:31  Zergling x8  
  145  9:32  Queen  
  145  9:35  Zergling x4  
  144  9:43  Zergling x10  
  144  9:44  Zergling x10  
  149  9:52  Mutalisk x6  
  129  9:53  Zergling x6  
  143  10:00  Baneling x5  
  143  10:04  Baneling  
  143  10:05  Baneling x3  
  143  10:10  Drone x7  
  150  10:16  Overseer  
  150  10:18  Zergling x2, Hive  
  150  10:19  Zergling x14  
  158  10:32  Zerg Flyer Weapons Level 2  
  158  10:33  Queen  
  158  10:34  Queen  
  161  10:43  Zergling x32  
  161  10:45  Overlord  
  161  10:48  Overlord  
  177  10:57  Zergling x20  
  179  10:59  Baneling x6  
  179  11:00  Baneling x2  
  179  11:02  Baneling x6  
  179  11:03  Baneling  
  185  11:06  Baneling x7  
  185  11:07  Baneling  
  185  11:13  Zergling x14  
  192  11:24  Zergling x14  
  199  11:38  Zergling x4  
  199  11:39  Baneling x7  
  199  11:40  Adrenal Glands, Baneling x6  
  199  11:41  Zerg Ground Armor Level 3, Zerg Melee Weapons Level 3  
  199  12:13  Ultralisk Cavern  
  184  12:27  Overlord  
  184  12:29  Zergling x26  
  181  13:03  Chitinous Plating  
  181  13:06  Ultralisk  
  181  13:07  Ultralisk x2  
  199  13:15  Spine Crawler  
  199  13:16  Spine Crawler x2, Greater Spire  
  150  13:30  Ultralisk x5, Zergling x32  
  159  13:38  Ultralisk, Zergling x44  
  187  13:49  Baneling x7  
  186  13:57  Hatchery  
  186  14:02  Corruptor x4  
  182  14:03  Corruptor  
  182  14:05  Zergling x10  
  182  14:06  Zergling x2  
  182  14:07  Baneling x2  
  182  14:08  Baneling x2  
  182  14:09  Baneling  
  198  14:22  Anabolic Synthesis  
  198  14:29  Overlord  
  198  14:47  Baneling x16  
  198  14:56  Hatchery  
Show
View Real Time Build Order
Export as new Build Order

ExpecT Terran 

Build Orders: Gas First Reaper Expand, Liberator Opening 

Get SALT Encoding   

  12  0:01  SCV  
  13  0:13  SCV  
  14  0:18  Supply Depot  
  14  0:25  SCV  
  15  0:29  Refinery  
  15  0:40  SCV  
  16  0:45  Barracks  
  16  0:52  SCV  
  17  1:04  SCV  
  18  1:16  SCV  
  19  1:32  Orbital Command  
  19  1:33  Reaper  
  20  1:45  Command Center  
  20  1:56  Factory  
  20  2:01  SCV  
  21  2:07  Barracks Reactor  
  21  2:12  Refinery  
  21  2:13  SCV  
  22  2:20  Supply Depot  
  22  2:28  SCV  
  23  2:42  SCV, Starport  
  24  2:54  SCV  
  24  2:57  Hellion x2  
  29  2:59  Orbital Command  
  29  3:06  SCV  
  30  3:19  SCV  
  31  3:21  Barracks Tech Lab  
  31  3:23  Viking  
  31  3:25  SCV  
  34  3:31  Hellion x2, SCV  
  39  3:36  Liberator, Supply Depot  
  39  3:40  SCV  
  40  3:43  SCV  
  41  3:51  Marine  
  41  3:54  SCV  
  46  3:57  SCV  
  46  3:59  Supply Depot  
  47  4:09  SCV x2  
  49  4:17  Command Center  
  49  4:20  Marine  
  49  4:22  Stimpack  
  49  4:23  SCV x2  
  52  4:27  Supply Depot  
  53  4:38  SCV  
  53  4:39  Barracks, SCV  
  53  4:41  Factory Reactor  
  53  4:42  Barracks  
  53  4:44  Marine, Starport Tech Lab  
  55  4:50  SCV  
  55  4:51  SCV  
  57  4:59  Engineering Bay x2  
  57  5:02  SCV  
  57  5:03  SCV  
  57  5:04  Marine  
  60  5:10  Starport Reactor  
  60  5:14  SCV  
  60  5:16  Refinery x2, SCV  
  62  5:22  Marine  
  62  5:27  Marine x2  
  62  5:29  SCV x2  
  62  5:30  Orbital Command  
  62  5:34  Terran Infantry Armor Level 1, Terran Infantry Weapons Level 1  
  64  5:41  SCV x2  
  64  5:42  Marine x3  
  69  5:45  Marine x2  
  71  5:51  Medivac x2  
  71  5:52  Siege Tank  
  78  5:57  Supply Depot  
  78  6:02  Marine x3, Orbital Command  
  78  6:03  Marine x2  
  78  6:04  SCV x2  
  85  6:05  Supply Depot  
  85  6:15  Barracks  
  85  6:17  Barracks  
  85  6:19  SCV x2  
  85  6:21  Marine x2  
  85  6:22  Marine x3  
  92  6:28  Combat Shield  
  92  6:30  SCV  
  92  6:31  Siege Tank, SCV x2  
  98  6:40  Supply Depot  
  98  6:43  SCV x2  
  98  6:47  Supply Depot  
  100  6:56  Marine  
  101  7:01  Marine x4, SCV x3  
  101  7:08  Siege Tank, Medivac x2, Supply Depot  
  115  7:10  Armory, Barracks Reactor  
  115  7:11  Barracks Reactor  
  115  7:14  SCV x2  
  117  7:15  Supply Depot  
  117  7:24  Marine  
  117  7:25  Marine  
  117  7:29  Marine x3, SCV  
  121  7:36  SCV  
  121  7:37  SCV  
  123  7:38  Refinery  
  123  7:39  Refinery  
  123  7:40  Siege Tank  
  123  7:41  SCV  
  123  7:42  Marine, Factory  
  123  7:43  Marine  
  129  7:45  Supply Depot  
  129  7:47  Marine x3  
  132  7:53  Marine  
  133  8:01  Terran Infantry Weapons Level 2, Supply Depot  
  133  8:02  Terran Infantry Armor Level 2  
  133  8:06  Marine x8  
  141  8:14  Missile Turret, Supply Depot  
  141  8:20  Marine  
  141  8:23  Siege Tank  
  141  8:24  Marine x5  
  149  8:30  Factory Tech Lab  
  149  8:32  Marine x2  
  149  8:34  Marine  
  149  8:35  Supply Depot  
  149  8:36  SCV x3  
  149  8:38  Marine  
  154  8:42  Marine x3  
  154  8:43  Marine x2  
  159  8:49  Marine x2  
  159  8:52  Marine  
  157  8:56  Marine  
  157  9:00  Marine x3  
  157  9:01  Marine x2  
  161  9:03  Medivac  
  161  9:04  Siege Tank, Medivac  
  161  9:05  Siege Tank  
  161  9:07  Marine  
  161  9:08  Supply Depot  
  161  9:09  Supply Depot  
  172  9:10  Marine  
  172  9:15  Marine  
  172  9:16  Marine  
  164  9:18  Marine  
  164  9:20  Marine x3  
  164  9:22  Marine  
  133  9:25  Marine  
  133  9:28  Marine  
  126  9:33  Marine, Medivac  
  126  9:34  Marine  
  126  9:36  Marine  
  126  9:38  Marine x3  
  127  9:39  Marine, Medivac  
  127  9:43  Marine  
  125  9:46  Marine  
  125  9:51  Marine x2  
  117  9:53  Marine  
  117  9:56  Marine x3  
  117  9:57  Marine  
  113  10:01  Thor x2  
  113  10:03  Medivac  
  124  10:07  Marine x2  
  124  10:09  Marine x2  
  124  10:11  Marine  
  129  10:19  Missile Turret  
  129  10:23  Command Center  
  129  10:24  Missile Turret  
  129  10:25  Marine  
  129  10:26  Marine x4  
  134  10:30  Marine  
  134  10:31  Marine x3  
  138  10:43  Marine x3  
  138  10:44  Terran Infantry Armor Level 3  
  138  10:49  Siege Tank  
  144  10:50  Siege Tank  
  144  10:51  Marine x2  
  144  10:53  Marine x2  
  144  10:55  Marine  
  152  10:57  Marine  
  152  11:01  Marine x2  
  152  11:02  Marine  
  156  11:07  Medivac x2  
  156  11:08  Marine  
  156  11:09  Marine  
  162  11:11  Marine x2  
  162  11:13  Marine  
  162  11:15  Marine  
  166  11:19  Marine x2  
  166  11:20  Marine  
  166  11:25  Missile Turret  
  166  11:26  Marine x2  
  166  11:29  Marine x2  
  166  11:31  Marine  
  168  11:32  Marine  
  168  11:36  Marine  
  168  11:37  Marine  
  156  11:49  Siege Tank  
  156  11:50  Siege Tank  
  161  12:05  Marine  
  161  12:06  Marine x6  
  161  12:07  Marine x2  
  161  12:08  Medivac x2  
  171  12:23  Marine  
  171  12:24  Marine x4  
  171  12:26  Marine x2  
  171  12:27  Siege Tank x2  
  184  12:43  Marine  
  167  12:45  Marine x3  
  167  12:46  Marine  
  167  12:51  Marine x2  
  161  12:59  Siege Tank  
  161  13:00  Siege Tank, Marine x2  
  161  13:01  Marine  
  161  13:03  Marine x3  
  161  13:05  Marine  
  165  13:09  Marine x2  
  167  13:18  Marine x3  
  170  13:21  Marine  
  122  13:31  Siege Tank  
  122  13:32  Siege Tank, Marine x4  
  122  13:33  Marine  
  116  13:36  Medivac x2  
  116  13:38  Marine x3  
  116  13:39  Marine  
  121  13:50  Marine x2  
  123  13:57  Liberator x2  
  123  14:04  Siege Tank x2  
  135  14:19  SCV x2  
  135  14:20  SCV  
  138  14:30  Marine x7  
  138  14:31  Command Center  
  130  14:36  Siege Tank x2  
  136  14:50  Marine x3  
  139  14:59  Marine x2  
Tags
 
Add a new tag
Caveats
  • Supply blocks, unpowered buildings, or Contaminate may cause inaccurate times.
  • Supply counts are checked every 10 seconds.